 Dungeon Crawl Stone Soup version 0.21.1-1-g345015f (webtiles) character file.

24943 inc the Bewitcher (level 12, 0/56 HPs)
             Began as a Felid Enchanter on Feb 25, 2018.
             Was an Initiate of Gozag.
             Slain by a swamp worm (6 damage)
             ... on level 1 of the Swamp.
             The game lasted 01:42:46 (34125 turns).

inc the Bewitcher (Felid Enchanter)                Turns: 34125, Time: 01:42:47

Health: 0/56       AC:  5    Str:  4    XL:     12   Next: 85%
Magic:  22/24      EV: 34    Int: 21    God:    Gozag
Gold:   2836       SH:  0    Dex: 17    Spells: 10/26 levels left
                                        Lives:  0   Deaths: 3

rFire    . . .     SeeInvis +     - Unarmed
rCold    + . .     Gourm    .   (shield unavailable)
rNeg     . . .     Faith    .   (armour unavailable)
rPois    .         Spirit   .   (helmet unavailable)
rElec    .         Reflect  .   (cloak unavailable)
rCorr    .         Harm     .   (gloves unavailable)
MR       +....                  (boots unavailable)
Stlth    +++.......             (no amulet)
HPRegen  0.18/turn              N - +2 ring of protection
MPRegen  0.19/turn              q - +6 ring of evasion

@: very slow
A: very small, no armour, no weapons or thrown items, stealth, claws 1, fangs 3,
see invisible, carnivore, speed 1, shaggy fur 3, slow metabolism 1, sharp paws
a: Potion Petition, Call Merchant, Bribe Branch, Renounce Religion


You were on level 1 of the Swamp.
You worshipped Gozag.
Gozag was most pleased with you.
You were not hungry.

You visited 6 branches of the dungeon, and saw 25 of its levels.
You also visited: Labyrinth and Ossuary.

You collected 6482 gold pieces.
You spent 276 gold pieces at shops.
You paid 3370 gold pieces to Gozag.

Inventory:

Jewellery
 c - a +6 ring of dexterity
 d - an uncursed ring of flight
 p - an uncursed ring of protection from magic
 q - a +6 ring of evasion (right paw)
 w - an uncursed ring of fire
 x - the cursed necklace of Bloodlust {*Rage +Rage MR++ Int-3 Slay+6 *Curse}
   (You found it on level 1 of the Elven Halls)

   [amulet of rage]

   It affects your intelligence (-3).
   It affects your accuracy and damage with ranged weapons and melee attacks
   (+6).
   It affects your resistance to hostile enchantments.
   It lets you go berserk.
   It may make you go berserk in combat.
   It curses itself when equipped.
   It has a curse placed upon it.
 G - an uncursed amulet of harm
 H - a +1 ring of protection
 N - a +2 ring of protection (left paw)
 O - an uncursed ring of wizardry
 Q - an uncursed ring of loudness
 T - an uncursed ring of fire
Wands
 r - a wand of polymorph (27)
 s - a wand of iceblast (65)
 v - a wand of paralysis (15)
 E - a wand of flame (72)
 F - a wand of disintegration (29)
 J - a wand of clouds (6)
Scrolls
 e - 2 scrolls of magic mapping
 g - 2 scrolls of enchant weapon {unknown}
 i - 3 scrolls of enchant armour
 k - 4 scrolls of blinking
 l - 10 scrolls of teleportation
 m - 3 scrolls of remove curse
 o - a scroll of amnesia {unknown}
 y - 3 scrolls of fog {unknown}
 z - 5 scrolls of fear
 C - 2 scrolls of immolation {unknown}
 D - 3 scrolls of random uselessness {unknown}
 I - a scroll of noise {unknown}
 P - a scroll of silence
 W - a scroll of torment {unknown}
Potions
 f - 4 potions of heal wounds
 h - 5 potions of lignification
 j - 2 potions of might
 n - 5 potions of degeneration
 t - 8 potions of curing
 u - 3 potions of brilliance
 A - 3 potions of haste
 B - 2 potions of cancellation
 K - 2 potions of mutation
 M - a potion of invisibility
 V - a potion of berserk rage
Books
 a - a book of Maledictions

   Spells                             Type                      Level
   a - Corona                         Hexes                        1
   b - Ensorcelled Hibernation        Hexes/Ice                    2
   c - Confuse                        Hexes                        3
   d - Tukima's Dance                 Hexes                        3
   e - Dazzling Spray                 Conjuration/Hexes            3
 L - a book of Changes

   Spells                             Type                      Level
   a - Beastly Appendage              Transmutation                1
   b - Sticks to Snakes               Transmutation                2
   c - Spider Form                    Transmutation/Poison         3
   d - Ice Form                       Ice/Transmutation            4
   e - Blade Hands                    Transmutation                5
 R - a book of Enchantments

   Spells                             Type                      Level
   a - Cause Fear                     Hexes                        4
   b - Yara's Violent Unravelling     Hexes/Transmutation          5
   c - Silence                        Hexes/Air                    5
   d - Deflect Missiles               Charms/Air                   6
   e - Discord                        Hexes                        8
 S - a book of Callings

   Spells                             Type                      Level
   a - Summon Small Mammal            Summoning                    1
   b - Call Imp                       Summoning                    2
   c - Call Canine Familiar           Summoning                    3
   d - Summon Guardian Golem          Hexes/Summoning              3
   e - Summon Lightning Spire         Summoning/Air                4
   f - Summon Ice Beast               Ice/Summoning                4
 U - a book of Fire

   Spells                             Type                      Level
   a - Ignite Poison                  Fire/Transmutation/Poison    3
   b - Fireball                       Conjuration/Fire             5
   c - Bolt of Fire                   Conjuration/Fire             6
   d - Ring of Flames                 Charms/Fire                  7
   e - Ignition                       Fire                         8
Comestibles
 b - 11 rations


   Skills:
 - Level 8.4 Fighting
 - Level 12.7 Dodging
 - Level 15.9 Stealth
 - Level 10.0 Unarmed Combat
 - Level 7.6 Spellcasting
 - Level 16.3 Hexes
 + Level 5.0 Charms
 - Level 7.0 Ice Magic
 + Level 3.7 Air Magic


You had 10 spell levels left.
You knew the following spells:

 Your Spells              Type           Power        Failure   Level  Hunger
a - Corona                Hex            ######.      0%          1    None
b - Ensorcelled Hibernat  Hex/Ice        ######       1%          2    None
c - Confuse               Hex            ######..     1%          3    None
d - Cause Fear            Hex            ######....   1%          4    ###....
e - Deflect Missiles      Chrm/Air       ####......   91%         6    ######.


Dungeon Overview and Level Annotations

Branches:
Dungeon (14/15)            Temple (1/1) D:5            Lair (5/6) D:11
  Swamp (2/4) Lair:4        Snake (0/4) Lair:4          Orc (2/2) D:12
    Elf (1/3) Orc:2
  Slime: Lair:5-6    Vaults: D:13-14

Altars:
Ashenzari
Cheibriados
Dithmenos
Elyvilon
Fedhas
Gozag
Hepliaklqana
Kikubaaqudgha
Makhleb
Nemelex Xobeh
Okawaru
Qazlal
Ru
Sif Muna
Trog
Uskayaw
Vehumet
Wu Jian
Xom
Yredelemnul
Zin
The Shining One
Beogh

Shops:
D:6 *   D:7 ?   Orc:2 *==:

Annotations:
D:6 Sigmund
D:14 exclusion: Roxanne, Roxanne
Lair:3 Rupert
Lair:5 exclusion: 2 oklob plants
Swamp:1 theElss's ghost, adept GrBe


Innate Abilities, Weirdness & Mutations

You cannot wear armour.
You are incapable of wielding weapons or throwing items.
Your paws allow you to move quietly. (Stealth)
You have sharp claws.
You have razor-sharp teeth.
You have supernaturally acute eyesight. (SInv)
You are carnivorous and can eat meat at any time.
You cover ground quickly.
Your thick and shaggy fur keeps you warm. (AC +3, rC+)
You have a slow metabolism.
Your sharp claws are effective at attacking unaware monsters.


Message History

Magic restored.
You start resting.
A swamp worm comes into view.
You enter the shallow water.
Moving in this stuff is going to be slow.
Casting: Ensorcelled Hibernation
Confirm with . or Enter, or press ? or * to list all spells.
Aiming: Ensorcelled Hibernation
Press: ? - help, Shift-Dir - straight line, f - swamp worm
Aim: a swamp worm (water, chance to defeat MR: 79%)
The swamp worm looks drowsy...
Your magical contamination has completely faded away.
A swamp worm comes into view.
You enter the shallow water.
Moving in this stuff is going to be slow.
The swamp worm bites you!
* * * LOW HITPOINT WARNING * * *
You closely miss the swamp worm. The swamp worm bites you.
You die...
Your body crumbles into a pile of gold.

♣...♣♣♣.≈.≈.≈♣..≈≈≈.≈♣§≈≈≈.≈≈..≈≈
♣≈.♣♣ ♣♣≈≈♣≈≈≈..≈≈≈....≈≈≈.≈≈≈≈≈≈
...♣ ♣.≈≈♣.≈≈.≈≈..♣...≈≈...≈...
..♣♣ ♣.....♣≈.≈♣.♣♣≈≈≈≈.≈.≈≈≈≈≈
..♣ ♣♣.♣≈....w..♣♣♣≈...≈.♣..≈≈
≈.♣ ♣.≈≈.≈≈.≈..♣ ♣..≈.≈.≈≈..≈ ≈♣♣
♣.≈≈.≈≈.≈≈♣♣ ♣.≈≈.≈.≈≈≈≈≈ .♣
♣..≈≈≈≈.w≈♣ ♣.≈≈♣..♣.≈≈≈ (♣
♣..≈≈≈≈≈@.♣ ♣♣.≈.≈≈.≈.... .♣
♣♣≈≈≈≈.≈..♣♣♣...≈≈♣≈≈.≈≈≈ §♣
♣..≈§.≈..≈♣♣♣..≈.≈§♣.≈♣≈ ≈♣
♣.≈≈.≈≈≈≈≈♣♣♣.≈≈≈≈≈≈.≈≈. .♣
♣♣(≈§.≈≈..≈..♣.≈≈.≈≈≈≈≈≈≈ .♣
♣.≈≈≈....≈≈....>...§.≈.≈. .♣
♣♣≈....≈≈≈≈.≈.≈≈≈.♣♣♣♣..§ .♣♣
♣.≈≈≈♣......≈≈≈≈≈≈♣ ♣♣.≈ ..♣
♣♣.≈≈.≈..♣...≈.≈...♣ ♣♣.


You could see 2 swamp worms.

Vanquished Creatures
  An orc warlord (Orc:2)
  A minotaur (Lab)
  2 hydras (Swamp:1)
  7 two-headed ogres
  2 alligators (Swamp:1)
  Urug (D:11)
  5 orc high priests
  2 swamp dragons (Swamp:1)
  A deep elf archer (Elf:1)
  Pikel (D:10)
  3 orc knights (Orc:2)
  An ugly thing (D:13)
  9 deep elf magi (Elf:1)
  6 orc sorcerers
  2 cyclopes
  11 elephants
  A black mamba (Lair:3)
  9 spiny frogs
  5 komodo dragons
  A freezing wraith (D:14)
  3 red devils (Elf:1)
  A polar bear (Lair:4)
  6 trolls
  Prince Ribbit (D:7)
  4 slime creatures (Swamp:1)
  8 hippogriffs
  2 bog bodies (Swamp:1)
  11 blink frogs
  A spriggan (D:8)
  2 shadows
  2 wyverns
  23 yaks
  A fire elemental (Elf:1)
  2 basilisks
  A hungry ghost (D:11)
  4 vampire mosquitoes (Swamp:1)
  A naga (Lair:4)
  An acid dragon (D:12)
  7 swamp worms
  3 wargs (Orc:2)
  5 water moccasins
  2 swamp drakes
  7 porcupines
  33 orc warriors
  6 sky beasts
  5 ice beasts
  2 black bears
  3 phantoms
  2 necrophages
  21 ogres
  3 wolves (Lair:2)
  14 centaurs
  A big kobold (D:12)
  11 crocodiles
  5 elf zombies
  A wyvern zombie (D:13)
  11 bullfrogs
  3 wyvern skeletons
  5 scorpions
  A water moccasin skeleton (D:6)
  17 killer bees
  9 wights
  2 howler monkeys
  7 crimson imps
  2 bullfrog zombies
  4 centaur zombies
  A quasit (D:11)
  8 hounds
  41 orc priests
  A bullfrog skeleton (D:10)
  2 gnoll shamans
  A human zombie (Ossuary)
  4 jellies
  Ijyb (D:3)
  Natasha (D:3)
  Terence (D:2)
  An iguana (D:5)
  10 worker ants
  14 orc wizards
  A hound zombie (D:10)
  2 mummies (Ossuary)
  2 hound skeletons
  Robin (D:2)
  13 adders
  7 gnolls
  4 shadow imps
  An ooze (D:1)
  3 adder zombies
  A worm (D:4)
  An adder skeleton (D:6)
  5 dart slugs
  4 leopard geckos
  85 orcs
  10 bats
  10 giant cockroaches
  18 goblins
  6 hobgoblins (D:2)
  9 jackals
  15 kobolds
  7 quokkas
  3 ball pythons
  6 frilled lizards
  A giant cockroach zombie (D:6)
  3 goblin zombies
  9 hobgoblin zombies (Ossuary)
  2 jackal zombies (Ossuary)
  6 kobold zombies (Ossuary)
  10 orc zombies (Ossuary)
  10 rats
  3 rat zombies
681 creatures vanquished.

Vanquished Creatures (collateral kills)
  A dancing weapon (Elf:1)
1 creature vanquished.

Vanquished Creatures (others)
  A deep elf archer (Elf:1)
  A shadow (Swamp:2)
  2 slaves
  An earth elemental (Elf:1)
  An orc wizard (D:9)
  A worker ant (D:9)
  14 fungi
  A plant (Lair:4)
22 creatures vanquished.

Grand Total: 704 creatures vanquished

Notes
Turn   | Place    | Note
-------+----------+-------------------------------------------
     0 | D:1      | inc the Felid Enchanter began the quest for the Orb.
     0 | D:1      | Reached XP level 1. HP: 7/7 MP: 4/4
   456 | D:1      | Reached XP level 2. HP: 11/11 MP: 6/6
   531 | D:1      | Learned a level 2 spell: Ensorcelled Hibernation
  1178 | D:2      | Reached XP level 3. HP: 12/14 MP: 4/7
  1270 | D:2      | Noticed Robin
  1274 | D:2      | Killed Robin
  1414 | D:2      | Learned a level 3 spell: Confuse
  1614 | D:2      | Reached skill level 5 in Stealth
  1658 | D:2      | Reached XP level 4. HP: 14/18 MP: 1/8
  1664 | D:2      | Noticed Terence
  1743 | D:2      | Killed Terence
  2825 | D:1      | Reached XP level 5. HP: 21/21 MP: 0/9
  3533 | D:3      | Found a shadowy altar of Dithmenos.
  3670 | D:3      | Noticed Natasha
  4128 | D:3      | Noticed Ijyb
  4328 | D:3      | Killed Natasha
  4328 | D:3      | Reached skill level 5 in Dodging
  4344 | D:3      | Killed Ijyb
  4344 | D:3      | Gained mutation: You are covered in thick fur. (AC +2) [Felid growth]
  4344 | D:3      | Reached XP level 6. HP: 24/24 MP: 2/10
  4866 | D:4      | HP: 1/24 [hound skeleton (1)]
  5283 | D:5      | Entered Level 5 of the Dungeon
  5462 | D:5      | Found a sparkling altar of Nemelex Xobeh.
  5568 | D:5      | Noticed a sky beast
  5579 | D:5      | Killed a sky beast
  5579 | D:5      | Reached XP level 7. HP: 20/27 MP: 3/11
  5644 | D:5      | Found a staircase to the Ecumenical Temple.
  5650 | Temple   | Entered the Ecumenical Temple
  5938 | Temple   | Became a worshipper of Gozag Ym Sagoz the Greedy
  6129 | D:6      | Noticed Sigmund
  6227 | D:6      | Reached skill level 1 in Fighting
  6355 | D:6      | Found Deheh's General Store.
  6474 | D:6      | Found a sand-covered staircase.
  6504 | Ossuary  | Entered an ossuary
  7291 | Ossuary  | Reached XP level 8. HP: 34/36 MP: 7/12
  7585 | D:6      | Reached skill level 5 in Fighting
  8691 | D:8      | Reached skill level 5 in Unarmed Combat
  9233 | D:7      | Reached XP level 9. HP: 13/40 MP: 0/13
  9594 | D:7      | Found Utyrhill's Magic Scroll Shop.
  9597 | D:7      | Bought a scroll of blinking for 90 gold pieces
  9597 | D:7      | Bought a scroll of magic mapping for 42 gold pieces
  9638 | D:7      | Noticed Prince Ribbit
  9651 | D:7      | Killed Prince Ribbit
 10271 | D:8      | HP: 2/40 [killer bee (10)]
 10967 | D:8      | Reached skill level 10 in Unarmed Combat
 11002 | D:8      | Reached skill level 5 in Hexes
 11614 | D:8      | Reached XP level 10. HP: 44/44 MP: 12/17
 12354 | D:9      | Noticed a two-headed ogre
 12478 | D:8      | Reached skill level 1 in Ice Magic
 13086 | D:8      | Reached skill level 5 in Spellcasting
 13689 | D:9      | Noticed Pikel
 13695 | D:10     | Entered Level 10 of the Dungeon
 13697 | D:10     | Killed Pikel
 13708 | D:10     | Reached skill level 5 in Ice Magic
 13730 | D:10     | Noticed a gargoyle
 15847 | D:11     | Noticed Urug
 15949 | D:11     | Killed Urug
 15949 | D:11     | Reached XP level 11. HP: 37/48 MP: 16/22
 16021 | D:11     | Found a staircase to the Lair.
 16073 | D:12     | Reached skill level 6 in Hexes
 16388 | D:12     | Reached skill level 7 in Hexes
 16849 | D:12     | Reached skill level 8 in Hexes
 17595 | D:11     | Reached skill level 9 in Hexes
 17708 | D:11     | Noticed a two-headed ogre
 17763 | D:11     | Killed a two-headed ogre
 18184 | D:12     | Found a staircase to the Orcish Mines.
 18378 | D:12     | Found a roughly hewn altar of Beogh.
 18741 | D:13     | Reached skill level 10 in Hexes
 18792 | D:13     | Noticed a cyan ugly thing
 18804 | D:13     | Killed a cyan ugly thing
 19260 | D:13     | Reached skill level 10 in Stealth
 19307 | D:14     | Found a sacrificial altar of Ru.
 19350 | D:14     | Noticed Roxanne
 19438 | D:14     | Noticed a rakshasa
 19506 | D:14     | Noticed a centaur warrior
 19509 | D:14     | Noticed a two-headed ogre
 19690 | Lair:1   | Entered Level 1 of the Lair of Beasts
 19772 | Lair:1   | Gained mutation: Your thick and shaggy fur keeps you warm. (AC +3, rC+) [Felid growth]
 19772 | Lair:1   | Reached XP level 12. HP: 51/51 MP: 21/24
 20262 | Lair:2   | You fall through a shaft!
 20284 | Lair:3   | Noticed Rupert
 20374 | Lair:3   | Found a labyrinth entrance.
 20391 | Lab      | Entered a labyrinth
 20668 | Lab      | Noticed a minotaur
 20951 | Lab      | Killed a minotaur
 21985 | Lair:2   | Reached skill level 15 in Stealth
 22640 | Lair:2   | Reached skill level 10 in Dodging
 23183 | Lair:3   | Demolished by Rupert
 23184 | Lair:3   | Reached XP level 11. HP: -21/48 MP: 23/23
 23219 | Lair:3   | Paralysed by Rupert for 4 turns
 23284 | Lair:4   | Found a staircase to the Swamp.
 23360 | Lair:4   | Reached XP level 12. HP: 16/51 MP: 11/24
 23733 | Lair:4   | Found a staircase to the Snake Pit.
 24930 | Lair:5   | Learned a level 4 spell: Cause Fear
 24956 | Lair:5   | Noticed a death yak
 24957 | Lair:5   | Noticed a death yak
 24957 | Lair:5   | Noticed a death yak
 25225 | Orc:1    | Entered Level 1 of the Orcish Mines
 25274 | Orc:1    | Reached skill level 11 in Hexes
 25520 | Orc:2    | Entered Level 2 of the Orcish Mines
 25736 | Orc:2    | Noticed a two-headed ogre
 25742 | Orc:2    | Killed a two-headed ogre
 25748 | Orc:2    | Noticed a two-headed ogre
 25753 | Orc:2    | Killed a two-headed ogre
 25817 | Orc:2    | Noticed a two-headed ogre
 25842 | Orc:2    | Killed a two-headed ogre
 25842 | Orc:2    | Reached skill level 12 in Hexes
 26097 | Orc:1    | Noticed a two-headed ogre
 26106 | Orc:2    | Killed a two-headed ogre
 26435 | Orc:1    | Reached skill level 13 in Hexes
 27158 | Orc:2    | Noticed a two-headed ogre
 27165 | Orc:2    | Killed a two-headed ogre
 27165 | Orc:2    | Reached XP level 13. HP: 54/54 MP: 20/25
 27378 | Orc:2    | Found the +7 great mace "Undeadhunter" {disrupt, rN+}
 27389 | Orc:2    | Reached skill level 14 in Hexes
 27668 | Orc:2    | Found a staircase to the Elven Halls.
 27929 | Orc:2    | Found a roughly hewn altar of Beogh.
 28229 | Orc:2    | Found Woakerhefro's General Store.
 28438 | Orc:2    | Bought a scroll of identify for 32 gold pieces
 28438 | Orc:2    | Bought a scroll of identify for 32 gold pieces
 28438 | Orc:2    | Bought a potion of heal wounds for 80 gold pieces
 28446 | Orc:2    | Found Biops's Jewellery Shoppe.
 28897 | Orc:2    | Reached skill level 15 in Hexes
 29025 | Orc:2    | Noticed an orc warlord
 29036 | Orc:2    | Killed from afar by an orc priest
 29037 | Orc:2    | Reached XP level 12. HP: -5/53 MP: 18/24
 29477 | Orc:2    | Killed an orc warlord
 29653 | Orc:2    | Found a roughly hewn altar of Beogh.
 29726 | Orc:2    | Found Piodgh's Jewellery Emporium.
 29726 | Orc:2    | Noticed an orc high priest
 30021 | Orc:2    | Noticed an orc high priest
 30028 | Orc:2    | Found Ebloy's Book Shoppe.
 30231 | Orc:2    | Killed an orc high priest
 30407 | Orc:2    | Killed an orc high priest
 30572 | Orc:2    | Noticed an orc high priest
 30669 | Orc:2    | Killed an orc high priest
 31248 | Elf:1    | Entered Level 1 of the Elven Halls
 31267 | Elf:1    | Found a radiant altar of Vehumet.
 31583 | Elf:1    | Found the cursed necklace of Bloodlust {*Rage +Rage MR++ Int-3 Slay+6 *Curse}
 31624 | Elf:1    | Reached skill level 16 in Hexes
 31639 | Elf:1    | Reached XP level 13. HP: 54/58 MP: 17/25
 32518 | Elf:1    | Shot with an arrow by a deep elf archer
 32519 | Elf:1    | Reached XP level 12. HP: -11/55 MP: 4/24
 32890 | Orc:2    | Learned a level 6 spell: Deflect Missiles
 33092 | Swamp:1  | Entered Level 1 of the Swamp
 33114 | Swamp:1  | Noticed theElss's ghost (adept GrBe)
 33123 | Swamp:1  | Reached skill level 1 in Charms
 33129 | Swamp:1  | Reached skill level 1 in Air Magic
 33193 | Swamp:1  | Noticed an alligator
 33197 | Swamp:1  | Noticed a four-headed hydra
 33202 | Swamp:1  | Killed an alligator
 33228 | Swamp:1  | Killed a four-headed hydra
 33492 | Swamp:1  | Noticed an alligator
 33497 | Swamp:1  | Killed an alligator
 33774 | Swamp:1  | Noticed an eight-headed hydra
 33779 | Swamp:1  | Killed an eight-headed hydra
 34095 | Swamp:1  | Reached skill level 5 in Charms
 34125 | Swamp:1  | Slain by a swamp worm

Skill      XL: |  1  2  3  4  5  6  7  8  9 10 11 12 13 |
---------------+----------------------------------------+-----
Unarmed Combat | 2 3 7 10 | 10.0
Stealth        | 5 6 7 11 15 | 15.9
Dodging        | 5 7 8 12 11 | 12.7
Fighting       | 4 5 7 8 |  8.4
Hexes          | 5 10 16 15 | 16.3
Spellcasting   | 4 6 7 |  7.6
Ice Magic      | 6 7 |  7.0
Charms         | 5 |  5.0
Air Magic      | 3 |  3.7

Action                   |  1- 3 |  4- 6 |  7- 9 | 10-12 | 13-15 || total
-------------------------+-------+-------+-------+-------+-------++-------
Melee: Unarmed           |    90 |   158 |   353 |   652 |    95 ||  1348
       Bite              |    10 |    14 |    41 |    28 |     3 ||    96
       Punch             |       |     1 |     3 |     9 |     1 ||    14
 Cast: Corona            |     5 |     3 |       |       |       ||     8
       Ensorcelled Hiber |    21 |    52 |    83 |   527 |    75 ||   758
       Confuse           |       |     2 |    24 |    93 |     4 ||   123
       Cause Fear        |       |       |       |    11 |     7 ||    18
Invok: Potion Petition   |       |       |     1 |     1 |       ||     2
       Bribe Branch      |       |       |       |       |     1 ||     1
  Use: Potion            |       |     1 |     1 |     3 |     2 ||     7
       Scroll            |       |     1 |       |    17 |     3 ||    21
 Stab: Sleeping          |    21 |    49 |    56 |   332 |    60 ||   518
       Distracted        |     1 |       |     4 |     2 |       ||     7
       Confused          |       |     2 |    12 |    44 |     1 ||    59
  Eat: Chunk             |     3 |    16 |       |       |       ||    19
       Ration            |       |       |     9 |    17 |     2 ||    28
Armor: Skin              |     8 |     4 |    11 |    31 |     1 ||    55
Dodge: Dodged            |   100 |   124 |   344 |   733 |    71 ||  1372
